Cogmind - Beta 12 @@@ ROGUE MODE // 2023.11.13 @ 22:28:14 Player: DreamweaverKara Result: Destroyed by G-67 Veteran with Field Laser Performance ------------- Evolutions (6) 3000 Regions Visited (13) 2600 Robots Destroyed (29) 145 Value Destroyed (913) 913 Prototype IDs (26) 520 Alien Tech Used (0) 0 Bonus (1199) 1199 TOTAL SCORE: 8377 Bonus ------- Follower Combat Kills 199 Entered DSFs 500 MAIN.C Attacked Warlord 500 Cogmind --------- Core Integrity 0/1150 Matter 300/300 Energy 150/150 System Corruption 3% Temperature Cool (19) Movement Core (200) Ox3 Location -3/Proximity Caves Parts ------- > --- POWER (3) -------- Micro Fission Core > --- PROPULSION (4) --- (None) > --- UTILITY (9) ------ Launcher Guidance Computer > --- WEAPON (3) ------- Force Rifle > --- INVENTORY (5) ---- Signal Generator Peak State ------------ > --- POWER ------------ Backup Power III Backup Power III > --- PROPULSION ------- Medium Treads Armored Medium Treads Armored Heavy Treads > --- UTILITY ---------- Compact Battery Wardrone Bay > --- WEAPON ----------- Force Rifle Force Rifle High-powered Shotgun > --- INVENTORY -------- Huge Storage Unit Launcher Guidance Computer Force Rifle Signal Generator [Rating: 155] Favorites ----------- Power Backup Power III Engine Backup Power III Power Core Micro Fission Core Reactor Micro Antimatter Reactor Propulsion Improved Gravmag System Treads Armored Heavy Treads Leg Aluminum Leg Wheel Wheel Hover Unit Improved Gravmag System Flight Unit Makeshift Flight Unit Utility Compact Battery Device Advanced Terrain Scanner Storage Compact Battery Processor Experimental Targeting Computer Protection Layered Medium Armor Plating Weapon Force Rifle Energy Gun Force Rifle Energy Cannon Matter Neutralizer Ballistic Gun Heavy Machine Gun Launcher Long-range Missile Launcher Build | -11 -10 -9 -8 -7 -7 -6 -5 -5 -5 -4 -4 -4 -3 ------- Run | Jun Mat Mat Mat Fac DSF Fac Fac Upp Upp Fac Upp War Pro Slots Evolved 12 | . . 2 2 2 . 2 2 . . 2 . . . Power 2 | . . . . 1 . . . . . 1 . . . Propulsion 2 | . . . 1 . . . 1 . . . . . . Utility 7 | . . 2 1 1 . 1 1 . . 1 . . . Weapon 1 | . . . . . . 1 . . . . . . . Parts Attached 76 | 6 1 3 8 3 13 12 3 1 4 1 . 20 1 Power 6 | 1 . . . 1 1 1 . . . . . 1 1 Engine 4 | 1 . . . 1 1 1 . . . . . . . Core 1 | . . . . . . . . . . . . 1 . Reactor 1 | . . . . . . . . . . . . . 1 Propulsion 28 | 2 . . 6 1 5 4 1 . 2 . . 7 . Treads 5 | . . . . . 2 . . . . . . 3 . Leg 6 | 2 . . 2 . . . . . 1 . . 1 . Wheel 3 | . . . 2 1 . . . . . . . . . Hover 7 | . . . 1 . . 4 1 . 1 . . . . Flight 7 | . . . 1 . 3 . . . . . . 3 . Utility 21 | 1 1 3 1 . 4 2 1 1 1 . . 6 . Device 8 | . 1 1 . . 2 1 . . . . . 3 . Storage 5 | 1 . . . . . . . 1 1 . . 2 . Processor 3 | . . 1 . . . . 1 . . . . 1 . Hackware . | . . . . . . . . . . . . . . Protection 5 | . . 1 1 . 2 1 . . . . . . . Artifact . | . . . . . . . . . . . . . . Weapon 21 | 2 . . 1 1 3 5 1 . 1 1 . 6 . Energy Gun 12 | 1 . . 1 1 . 3 . . 1 . . 5 . Energy Cannon 1 | . . . . . . . . . . 1 . . . Ballistic Gun 4 | 1 . . . . 1 . 1 . . . . 1 . Ballistic Cannon . | . . . . . . . . . . . . . . Launcher 4 | . . . . . 2 2 . . . . . . . Special Weapon . | . . . . . . . . . . . . . . Impact Weapon . | . . . . . . . . . . . . . . Slashing Weapon . | . . . . . . . . . . . . . . Piercing Weapon . | . . . . . . . . . . . . . . Special Melee Weapon . | . . . . . . . . . . . . . . Unidentified Prototypes 4 | . . . . . . 1 1 . . . . 2 . Parts Lost 49 | . . . 5 . 15 3 . 1 10 4 1 2 8 Power 7 | . . . . . 3 1 . . . . . 1 2 Propulsion 12 | . . . 2 . 2 . . . 5 1 . . 2 Utility 16 | . . . 2 . 6 1 . 1 2 2 . . 2 Weapon 14 | . . . 1 . 4 1 . . 3 1 1 1 2 Highest Loss Streak 14 | . . . 3 . 14 2 . 1 8 4 5 2 8 To Critical Strikes . | . . . . . . . . . . . . . . Average Slot Usage (%) 53 | . 98 84 80 69 64 40 54 61 17 20 1 42 50 Engine 5 | . 14 11 9 15 10 2 . . . . . 8 3 Leg 4 | . 28 22 14 . . . . . 2 . . . 4 Wheel 1 | . . . 2 15 10 . . . . . . . . Hover 7 | . . . . . . 19 22 23 2 4 . . . Flight 2 | . . . 1 . . . . . . . . 8 . Device 4 | . 12 11 5 . 6 5 5 4 . . . 3 4 Storage 4 | . 14 11 9 7 7 . . 3 5 9 . 1 4 Processor 2 | . . 5 9 7 4 . 3 5 2 . . . 5 Protection 3 | . . 1 13 7 8 1 5 5 . . . 2 . Energy Gun 6 | . 14 11 10 15 5 6 . . . 5 . 9 12 Ballistic Gun 4 | . 14 11 3 . 4 . 3 5 . . . 3 . Launcher 2 | . . . . . 2 3 11 11 . . . . . Naked Turns 141 | . . . . . . . . . . . 64 77 . Heaviest Build 98 | 14 15 20 29 26 40 42 30 31 30 16 10 98 32 Greatest Support 115 | 20 20 20 20 38 40 30 39 20 20 7 3 115 60 Greatest Overweight (x) 8 | 1 . . 2 1 4 1 1 1 2 5 3 2 8 Average Overweight (x) . | . . . . . . . . 1 . . . . . Largest Inventory Capacity 25 | 8 8 8 8 8 8 5 5 5 5 5 5 25 5 Average Capacity 5 | 6 8 8 8 8 7 5 5 5 5 5 5 5 5 Most Carried 8 | 5 7 8 8 8 8 5 5 5 5 4 3 5 2 Average Carried 4 | 3 6 7 7 5 6 4 4 5 4 3 3 3 1 Final Capacity 8 | 8 8 8 8 8 5 5 5 5 5 5 5 5 5 Final Carried 8 | 5 7 8 6 7 5 5 5 5 3 3 3 1 1 Class Distribution -------------------- 53% | Mutant 18% | Gunner 15% | Bomber 7% | Tank 3% | Scavenger-Gunner Dominant Class ---------------- Mutant | -10/Materials Mutant | -9/Materials Mutant | -8/Materials Mutant | -7/Factory Mutant | -7/DSF Mutant | -6/Factory Gunner | -5/Factory Bomber | -5/Upper Caves Mutant | -5/Upper Caves Mutant | -4/Factory Mutant | -4/Upper Caves Gunner | -4/Warlord Scavenger-Gunner | -3/Proximity Caves Resources | -11 -10 -9 -8 -7 -7 -6 -5 -5 -5 -4 -4 -4 -3 ----------- Run | Jun Mat Mat Mat Fac DSF Fac Fac Upp Upp Fac Upp War Pro Matter Collected 1171 | 257 40 63 45 . 4 201 . 148 67 . . 336 10 Remotely . | . . . . . . . . . . . . . . Salvage Created 868 | . 49 160 193 . 125 82 . 38 . 81 . . 140 Parts 58 | . 5 15 6 . 11 7 . . . . . . 14 Haulers Intercepted . | . . . . . . . . . . . . . . Recyclers Shooed . | . . . . . . . . . . . . . . Parts Field Recycled . | . . . . . . . . . . . . . . Retrieved Matter . | . . . . . . . . . . . . . . Parts Self-Destructed 13 | . . . . . . . . . . . . . 13 Prevented . | . . . . . . . . . . . . . . Kills | -11 -10 -9 -8 -7 -7 -6 -5 -5 -5 -4 -4 -4 -3 ------- Run | Jun Mat Mat Mat Fac DSF Fac Fac Upp Upp Fac Upp War Pro Combat Hostiles Destroyed 27 | . 3 5 5 . 5 5 . 1 . 1 . . 2 Guns 20 | . 3 5 5 . . 4 . . . 1 . . 2 AOE 7 | . . . . . 5 1 . 1 . . . . . Classes Destroyed 8 | . 1 2 . . 1 2 . 1 . . . . 1 Watcher 2 | . . 2 . . . . . . . . . . . Swarmer 12 | . 3 4 2 . 3 . . . . . . . . Cutter 4 | . . . . . . 4 . . . . . . . Grunt 4 | . . 1 3 . . . . . . . . . . Sentry 2 | . . . . . . 1 . . . 1 . . . Specialist 2 | . . . . . 2 . . . . . . . . Programmer 2 | . . . . . . . . . . . . . 2 Behemoth 1 | . . . . . . . . 1 . . . . . Best Kill Streak 5 | . 2 4 2 . 5 4 . 1 . 1 . . 2 Combat Bots Only 5 | . 2 4 2 . 5 4 . 1 . 1 . . 2 Max Kills in Single Turn 2 | . 1 1 1 . 2 1 . 1 . 1 . . 1 Gunslinging . | . . . . . . . . . . . . . . Exploded 2 | . . . . . 2 1 . 1 . . . . . Melee . | . . . . . . . . . . . . . . Uniques/NPCs Destroyed . | . . . . . . . . . . . . . . Combat | -11 -10 -9 -8 -7 -7 -6 -5 -5 -5 -4 -4 -4 -3 -------- Run | Jun Mat Mat Mat Fac DSF Fac Fac Upp Upp Fac Upp War Pro Damage Taken 7755 | . 105 94 902 . 1504 484 . 219 1125 604 502 818 1398 Core 2120 | . 47 46 98 . 304 113 . 20 342 266 479 165 240 Absorbed by Shields 57 | . . . . . 57 . . . . . . . . Regen/Repaired (Parts) 31 | . . . . . . . . . . . . 31 . Core Remaining (%) 79 | 100 81 88 82 . 56 86 . . 63 . . . . Volleys Fired 78 | . 9 11 22 . 3 14 1 2 2 3 . 3 8 Largest 3 | . 2 2 2 . 2 2 3 3 3 2 . 3 3 Hottest 241 | . 70 70 106 . 78 111 116 116 116 186 . 185 241 Shots Fired 142 | . 18 22 30 . 4 21 3 6 4 6 . 7 21 Gun 119 | . 18 22 30 . . 13 1 2 2 3 . 7 21 Cannon 3 | . . . . . . . . . . 3 . . . Launcher 20 | . . . . . 4 8 2 4 2 . . . . Special . | . . . . . . . . . . . . . . Kinetic 26 | . 9 11 . . . . 1 2 2 . . 1 . Thermal 93 | . 9 11 30 . . 10 . . . 6 . 6 21 Explosive 20 | . . . . . 4 8 2 4 2 . . . . Electromagnetic 3 | . . . . . . 3 . . . . . . . Robot Hit Streak 10 | . 4 5 9 . 7 9 . 7 5 10 . 1 4 Robot Miss Streak 3 | . 3 3 2 . 1 3 . 1 . . . 3 3 Penetration Max . | . . . . . . . . . . . . . . Secondary Targets 4 | . . . 1 . . 2 . . . . . . 1 Max Gunslinging Chain 1 | . . . 1 . . 1 . . . . . . 1 Shots Hit Robots 89 | . 10 12 24 . 3 17 . 4 2 5 . 2 10 Core Hits 55 | . 3 7 10 . 8 9 . 6 5 3 . . 4 Critical Kills . | . . . . . . . . . . . . . . Critical Parts Destroyed 2 | . . . . . . . . . . . . . 2 Critical Strikes 7 | . 1 1 2 . . . . . . 1 . . 2 Burn 5 | . 1 1 2 . . . . . . 1 . . . Destroy 2 | . . . . . . . . . . . . . 2 Melee Attacks . | . . . . . . . . . . . . . . Impact . | . . . . . . . . . . . . . . Slashing . | . . . . . . . . . . . . . . Piercing . | . . . . . . . . . . . . . . Sneak Attacks . | . . . . . . . . . . . . . . Combat Hostiles . | . . . . . . . . . . . . . . Follow-up Attacks . | . . . . . . . . . . . . . . Damage Inflicted 2851 | . 120 148 337 . 764 404 . 198 375 140 . 41 324 Guns 1274 | . 120 148 337 . . 151 . 43 43 67 . 41 324 Cannons 73 | . . . . . . . . . . 73 . . . Explosions 1486 | . . . . . 764 235 . 155 332 . . . . Melee . | . . . . . . . . . . . . . . Ramming 18 | . . . . . . 18 . . . . . . . Kinetic 220 | . 57 61 . . . . . 43 43 . . 16 . Thermal 1077 | . 63 87 337 . . 101 . . . 140 . 25 324 Explosive 1486 | . . . . . 764 235 . 155 332 . . . . Electromagnetic 50 | . . . . . . 50 . . . . . . . Impact . | . . . . . . . . . . . . . . Slashing . | . . . . . . . . . . . . . . Piercing . | . . . . . . . . . . . . . . Highest Corruption 3 | . . . . . . 2 . . 2 . . 2 3 Average Corruption 2 | . . . . . . 2 . . 2 . . 1 2 Corruption Purged . | . . . . . . . . . . . . . . Corruption Blocked . | . . . . . . . . . . . . . . Effects 13 | . . . . . . 3 . . 3 . . 5 2 Message Errors 5 | . . . . . . . . . 1 . . 3 1 Matter Fused 4 | . . . . . . 2 . . 1 . . 1 . Heat Flow Errors 2 | . . . . . . 1 . . . . . 1 . Energy Discharges 1 | . . . . . . . . . 1 . . . . Data Loss (major) 1 | . . . . . . . . . . . . . 1 Overload Shots . | . . . . . . . . . . . . . . Overflow Damage 47 | . . . . . 43 . . . 4 . . . . Projectiles . | . . . . . . . . . . . . . . Explosions 47 | . . . . . 43 . . . 4 . . . . Melee . | . . . . . . . . . . . . . . Knockbacks . | . . . . . . . . . . . . . . Impact . | . . . . . . . . . . . . . . Kinetic . | . . . . . . . . . . . . . . Secondary . | . . . . . . . . . . . . . . Self-Inflicted Damage 47 | . . . . . . 8 . . 39 . . . . Shots 2 | . . . . . . . . . 2 . . . . Rammed 2 | . . . . . . 2 . . . . . . . Targets Rammed 2 | . . . . . . 2 . . . . . . . Kicked . | . . . . . . . . . . . . . . Crushed . | . . . . . . . . . . . . . . Highest Temperature 443 | . . 15 443 . . 172 15 15 12 180 . 170 400 Average Temperature 156 | . . 10 255 . . 66 10 10 8 93 . 54 135 Received Heat Transfer 984 | . . 9 450 . . . . 30 279 36 . 39 141 Effects 7 | . . . 6 . . . . . . . . . 1 Shutdowns 4 | . . . 3 . . . . . . . . . 1 Interference 2 | . . . 2 . . . . . . . . . . Damage (major) 1 | . . . 1 . . . . . . . . . . Siege Activations . | . . . . . . . . . . . . . . Robots Corrupted . | . . . . . . . . . . . . . . Combat Hostiles . | . . . . . . . . . . . . . . Parts Fried . | . . . . . . . . . . . . . . Impact Corruptions . | . . . . . . . . . . . . . . Robots Melted . | . . . . . . . . . . . . . . Combat Hostiles . | . . . . . . . . . . . . . . Parts Melted 6 | . 1 1 2 . . . . . . 1 . . 1 Heat Transferred 2627 | . 259 333 1036 . . 259 . . . 259 . 37 444 Parts Sabotaged 3 | . . . . . . . . . . . . 3 . Parts Stolen . | . . . . . . . . . . . . . . Parts Stripped . | . . . . . . . . . . . . . . Power Chain Reactions . | . . . . . . . . . . . . . . Missiles Intercepted . | . . . . . . . . . . . . . . Alert | -11 -10 -9 -8 -7 -7 -6 -5 -5 -5 -4 -4 -4 -3 ------- Run | Jun Mat Mat Mat Fac DSF Fac Fac Upp Upp Fac Upp War Pro Peak Influence 220 | . 95 209 95 43 166 220 137 . . 86 . . . Initial 102 | . . 39 3 38 30 71 102 . . 44 . . . Average 82 | . 37 125 18 42 45 114 124 . . 58 . . . Maximum Alert Level 1 | . . 1 . . . 1 . . . . . . . Low Security (%) 98 | 100 100 98 100 100 100 95 100 . . 100 . . . Level 1 1 | . . 1 . . . 4 . . . . . . . Level 2 . | . . . . . . . . . . . . . . Level 3 . | . . . . . . . . . . . . . . Level 4 . | . . . . . . . . . . . . . . Level 5 . | . . . . . . . . . . . . . . High Security . | . . . . . . . . . . . . . . Max Security . | . . . . . . . . . . . . . . Squads Dispatched 6 | . . . 1 . 2 3 . . . . . . . Investigation . | . . . . . . . . . . . . . . Extermination 1 | . . . . . . 1 . . . . . . . Reinforcement 4 | . . . 1 . 2 1 . . . . . . . Assault . | . . . . . . . . . . . . . . Garrison 1 | . . . . . . 1 . . . . . . . Intercept . | . . . . . . . . . . . . . . Searches Triggered . | . . . . . . . . . . . . . . Construction Impeded . | . . . . . . . . . . . . . . Haulers Reinforced . | . . . . . . . . . . . . . . Active Scanning Responses . | . . . . . . . . . . . . . . Cargo Convoy Interrupts . | . . . . . . . . . . . . . . Stealth | -11 -10 -9 -8 -7 -7 -6 -5 -5 -5 -4 -4 -4 -3 --------- Run | Jun Mat Mat Mat Fac DSF Fac Fac Upp Upp Fac Upp War Pro Distress Signals 1 | . . 1 . . . . . . . . . . . Communications Jammed . | . . . . . . . . . . . . . . Distress Signals . | . . . . . . . . . . . . . . Times Spotted 105 | . 7 8 9 . 12 8 . 6 6 5 2 28 14 Peak Tracking Total 11 | . 3 5 4 . 7 4 . 4 4 4 2 9 11 Tactical Retreats 14 | . 1 . . . 3 1 . 4 4 . . . 1 Traps | -11 -10 -9 -8 -7 -7 -6 -5 -5 -5 -4 -4 -4 -3 ------- Run | Jun Mat Mat Mat Fac DSF Fac Fac Upp Upp Fac Upp War Pro Traps Triggered 2 | . . . . . 2 . . . . . . . . Indirectly . | . . . . . . . . . . . . . . Trap Hack Attempts . | . . . . . . . . . . . . . . Triggered . | . . . . . . . . . . . . . . Disarmed . | . . . . . . . . . . . . . . Reprogrammed 6 | . . 6 . . . . . . . . . . . Reused 1 | . . 1 . . . . . . . . . . . Traps Extracted . | . . . . . . . . . . . . . . Installed . | . . . . . . . . . . . . . . Triggered 13 | . . 1 . . . . . . 1 . . 11 . Machines | -11 -10 -9 -8 -7 -7 -6 -5 -5 -5 -4 -4 -4 -3 ---------- Run | Jun Mat Mat Mat Fac DSF Fac Fac Upp Upp Fac Upp War Pro Machines Disabled . | . . . . . . . . . . . . . . Max in Single Turn . | . . . . . . . . . . . . . . Machines Repaired . | . . . . . . . . . . . . . . Machines Sabotaged . | . . . . . . . . . . . . . . Overloaded Fab Kills . | . . . . . . . . . . . . . . Hacking | -11 -10 -9 -8 -7 -7 -6 -5 -5 -5 -4 -4 -4 -3 --------- Run | Jun Mat Mat Mat Fac DSF Fac Fac Upp Upp Fac Upp War Pro Machines Accessed 16 | . 2 2 . 1 . 3 2 . . . . 6 . Terminals 9 | . 2 2 . 1 . 2 2 . . . . . . Fabricators 1 | . . . . . . 1 . . . . . . . Repair Stations . | . . . . . . . . . . . . . . Recycling Units . | . . . . . . . . . . . . . . Scanalyzers . | . . . . . . . . . . . . . . Garrison Access . | . . . . . . . . . . . . . . Total Hacks 52 | . 7 12 . 2 . 8 4 . . . . 19 . Successful 38 | . 5 8 . 1 . 4 1 . . . . 19 . Failed 14 | . 2 4 . 1 . 4 3 . . . . . . Catastrophic 2 | . . 1 . . . 1 . . . . . . . Database Lockouts . | . . . . . . . . . . . . . . Manual . | . . . . . . . . . . . . . . Terminals 32 | . 7 12 . 2 . 7 4 . . . . . . Fabricators 1 | . . . . . . 1 . . . . . . . Repair Stations . | . . . . . . . . . . . . . . Recycling Units . | . . . . . . . . . . . . . . Scanalyzers . | . . . . . . . . . . . . . . Garrison Access . | . . . . . . . . . . . . . . Terminal Hacks 38 | . 5 8 . 1 . 4 1 . . . . 19 . Record 13 | . 2 4 . . . 1 . . . . . 6 . Robot Analysis 1 | . 1 . . . . . . . . . . . . Prototype ID Bank 12 | . . . . . . . . . . . . 12 . Open Door 1 | . . . . . . . . . . . . 1 . Open DSF 2 | . . . . 1 . . 1 . . . . . . Branch Access Points 1 | . . . . . . 1 . . . . . . . Locate Traps 3 | . . 2 . . . 1 . . . . . . . Reprogram Traps 1 | . . 1 . . . . . . . . . . . Hauler Manifests 1 | . 1 . . . . . . . . . . . . Zone Layout 3 | . 1 1 . . . 1 . . . . . . . Fabricator Hacks . | . . . . . . . . . . . . . . Repair Station Hacks . | . . . . . . . . . . . . . . Recycling Unit Hacks . | . . . . . . . . . . . . . . Scanalyzer . | . . . . . . . . . . . . . . Garrison Access Hacks . | . . . . . . . . . . . . . . Unauthorized Hacks . | . . . . . . . . . . . . . . Terminals . | . . . . . . . . . . . . . . Fabricators . | . . . . . . . . . . . . . . Repair Stations . | . . . . . . . . . . . . . . Recycling Units . | . . . . . . . . . . . . . . Scanalyzers . | . . . . . . . . . . . . . . Garrison Access . | . . . . . . . . . . . . . . Data Cores Recovered . | . . . . . . . . . . . . . . Used . | . . . . . . . . . . . . . . Hacking Detections 9 | . 2 2 . 1 . 3 1 . . . . . . Full Trace Events 1 | . 1 . . . . . . . . . . . . Feedback Events . | . . . . . . . . . . . . . . Feedback Blocked . | . . . . . . . . . . . . . . Robot Schematics Acquired . | . . . . . . . . . . . . . . Robots Built . | . . . . . . . . . . . . . . Authchips . | . . . . . . . . . . . . . . Time . | . . . . . . . . . . . . . . Total Robot Build Rating . | . . . . . . . . . . . . . . Part Schematics Acquired . | . . . . . . . . . . . . . . Parts Built . | . . . . . . . . . . . . . . Authchips . | . . . . . . . . . . . . . . Time . | . . . . . . . . . . . . . . Total Part Build Rating . | . . . . . . . . . . . . . . Parts Repaired . | . . . . . . . . . . . . . . Time . | . . . . . . . . . . . . . . Parts Recycled . | . . . . . . . . . . . . . . Recycled Matter . | . . . . . . . . . . . . . . Retrieved Matter . | . . . . . . . . . . . . . . Retrieved Components . | . . . . . . . . . . . . . . Parts Scanalyzed . | . . . . . . . . . . . . . . Part Schematics Acquired . | . . . . . . . . . . . . . . Parts Damaged . | . . . . . . . . . . . . . . Bothacking | -11 -10 -9 -8 -7 -7 -6 -5 -5 -5 -4 -4 -4 -3 ------------ Run | Jun Mat Mat Mat Fac DSF Fac Fac Upp Upp Fac Upp War Pro Used RIF Installer . | . . . . . . . . . . . . . . Robots Hacked . | . . . . . . . . . . . . . . Non-combat . | . . . . . . . . . . . . . . Combat . | . . . . . . . . . . . . . . Robot Hacks Applied . | . . . . . . . . . . . . . . Relay Couplers Released . | . . . . . . . . . . . . . . Fabnet Peak Effective % . | . . . . . . . . . . . . . . Robots Rewired . | . . . . . . . . . . . . . . Allies Hacked . | . . . . . . . . . . . . . . Hacks Repelled . | . . . . . . . . . . . . . . Allies | -11 -10 -9 -8 -7 -7 -6 -5 -5 -5 -4 -4 -4 -3 -------- Run | Jun Mat Mat Mat Fac DSF Fac Fac Upp Upp Fac Upp War Pro Total Allies . | . . . . . . . . . . . . . . Largest Group . | . . . . . . . . . . . . . . Highest-Rated Group . | . . . . . . . . . . . . . . Highest-Rated Ally . | . . . . . . . . . . . . . . Total Orders . | . . . . . . . . . . . . . . Ally Attacks 5 | . . . . . . . . . . . . 5 . Total Damage 376 | . . . . . . . . . . . . 376 . Kills 4 | . . . . . . . . . . . . 4 . Allies Corrupted 1 | . . . . . . . . . . . . 1 . Allies Melted 1 | . . . . . . . . . . . . 1 . Intel | -11 -10 -9 -8 -7 -7 -6 -5 -5 -5 -4 -4 -4 -3 ------- Run | Jun Mat Mat Mat Fac DSF Fac Fac Upp Upp Fac Upp War Pro Robot Analysis Total 1 | . 1 . . . . . . . . . . . . Derelict Logs Recovered 1 | . . . . . . . . 1 . . . . . Drone Launches 1 | . . . . . . . . . . . . 1 . Drone Recoveries . | . . . . . . . . . . . . . . Exploration | -11 -10 -9 -8 -7 -7 -6 -5 -5 -5 -4 -4 -4 -3 ------------- Run | Jun Mat Mat Mat Fac DSF Fac Fac Upp Upp Fac Upp War Pro Turns Passed 4062 | 61 118 409 279 104 176 333 284 608 295 80 82 1091 142 Spaces Moved 3544 | 40 73 292 155 106 137 415 261 566 322 106 135 863 73 Core 341 | 8 . . . . 4 1 . . 8 4 135 178 3 Treads 105 | . . . . . 5 . . . . . . 98 2 Legs 750 | 32 73 292 111 . . . . . 130 . . 44 68 Wheels 263 | . . . 44 106 113 . . . . . . . . Hover 1536 | . . . . . . 404 261 566 184 102 . 19 . Flight 549 | . . . . . 15 10 . . . . . 524 . Fastest Speed 29 | 50 120 120 80 90 29 29 43 106 50 60 50 49 120 Average Speed 98 | 111 120 120 121 92 94 57 100 106 87 66 60 109 158 Slowest Speed 450 | 120 120 120 260 95 250 102 106 106 190 300 200 320 450 Overloaded Moves . | . . . . . . . . . . . . . . Propulsion Burnouts . | . . . . . . . . . . . . . . Robots Hopped 1 | . . . . . . . . . . . . 1 . Cave-ins Triggered . | . . . . . . . . . . . . . . Exploration Rate (%) 31 | 3 22 29 21 2 91 13 10 76 47 4 27 83 11 Regions Visited 13 Branch Regions 5 Pre-discovered Areas . | . . . . . . . . . . . . . . Known Exits Taken 1 | . . . . 1 . . . . . . . . . Unknown Exits Taken 11 | 1 1 1 1 . . 1 1 1 1 1 1 1 . Scrap Searched 3 | . . . . . . . . 2 1 . . . . Spaces Dug 34 | . . . . . . . 34 . . . . . . Terrain Destroyed 146 | . . . . . 31 12 34 36 33 . . . . Melee . | . . . . . . . . . . . . . . Projectile . | . . . . . . . . . . . . . . AOE 146 | . . . . . 31 12 34 36 33 . . . . Terrain Rammed . | . . . . . . . . . . . . . . Walls Destroyed . | . . . . . . . . . . . . . . Machines Disabled . | . . . . . . . . . . . . . . Actions | -11 -10 -9 -8 -7 -7 -6 -5 -5 -5 -4 -4 -4 -3 --------- Run | Jun Mat Mat Mat Fac DSF Fac Fac Upp Upp Fac Upp War Pro Total 3966 | 56 85 328 214 112 177 485 279 568 330 110 135 1004 83 Wait 182 | . . 17 25 . 2 32 11 . 1 . 1 93 . Move 3529 | 39 72 291 154 105 136 414 260 565 321 105 134 860 73 Hop 1 | . . . . . . . . . . . . 1 . Pick Up 54 | 11 3 3 2 3 6 6 2 . 2 1 . 14 1 Fast Attach 21 | . . 3 2 . 4 6 2 1 . . . 3 . Attach 53 | 6 1 . 4 3 9 6 1 . 4 1 . 17 1 Detach 4 | . . . . 1 1 1 . . . . . 1 . Swap 2 | . . . 2 . . . . . . . . . . Drop 26 | . . 3 3 . 2 4 2 . . . . 12 . Fire 78 | . 9 11 22 . 3 14 1 2 2 3 . 3 8 Melee . | . . . . . . . . . . . . . . Ram 2 | . . . . . . 2 . . . . . . . Kick . | . . . . . . . . . . . . . . Crush . | . . . . . . . . . . . . . . Escape Stasis 13 | . . . . . 13 . . . . . . . . Rewire 1 | . . . . . 1 . . . . . . . . Trap . | . . . . . . . . . . . . . . Miscellaneous . | . . . . . . . . . . . . . . Route ------- -11/Junkyard -10/Materials -9/Materials -8/Materials -7/Factory -7/DSF -6/Factory (discovered 3 exits: *Fac / Low x2) -5/Factory (discovered 2 exits: [*Upp] / DSF) -5/Upper Caves -5/Upper Caves -4/Factory -4/Upper Caves -4/Warlord -3/Proximity Caves History --------- Turn | Location | Event 13 | -11/Junkyard | Discovered new exit (range 15) 62 | -11/Junkyard | Entered Materials 176 | -10/Materials | Discovered new exit (range 3) 180 | -10/Materials | Entered another Materials area 180 | -9/Materials | Evolved 2 slots: Utility x2 303 | -9/Materials | Build established: Mutant 579 | -9/Materials | Discovered new exit (range 9) 589 | -9/Materials | Entered another Materials area 589 | -8/Materials | Evolved 2 slots: Propulsion x1, Utility x1 815 | -8/Materials | Lost 3 parts (1n1u1w) 856 | -8/Materials | Discovered new exit (range 15) 868 | -8/Materials | Entered Factory 868 | -7/Factory | Evolved 2 slots: Power x1, Utility x1 872 | -7/Factory | Identified exit to DSF 972 | -7/Factory | Entered DSF 1015 | -7/DSF | Additional patrols routed to DSF 1144 | -7/DSF | Discovered new exit (range 13) 1148 | -7/DSF | Entered Factory 1148 | -6/Factory | Evolved 2 slots: Utility x1, Weapon x1 1173 | -6/Factory | Lost 14 parts (3p2n5u4w) 1205 | -6/Factory | Identified exit to Lower Caves 1456 | -6/Factory | Discovered new exit (range 16) 1460 | -6/Factory | Garrison activated, responded to threat 1481 | -6/Factory | Entered another Factory area 1481 | -5/Factory | Evolved 2 slots: Propulsion x1, Utility x1 1590 | -5/Factory | Found Prototype Processor 1590 | -5/Factory | Identified Exp. Targeting Computer 1680 | -5/Factory | Identified exit to DSF 1714 | -5/Factory | Discovered new exit (range 14) 1765 | -5/Factory | Entered Upper Caves 1923 | -5/Upper Caves | Learned Factory emergency access door positions 2073 | -5/Upper Caves | Build established: Bomber 2193 | -5/Upper Caves | Attracted the attention of an 0b10 checkpoint 2246 | -5/Upper Caves | Spotted B-75 Beast 2251 | -5/Upper Caves | Destroyed B-75 Beast 2333 | -5/Upper Caves | Discovered new exit (range 9) 2373 | -5/Upper Caves | Entered another Upper Caves area 2442 | -5/Upper Caves | Lost 8 parts (4n1u3w) 2540 | -5/Upper Caves | Spotted B-75 Beast 2665 | -5/Upper Caves | Discovered new exit (range 7) 2668 | -5/Upper Caves | Entered Factory 2668 | -4/Factory | Evolved 2 slots: Power x1, Utility x1 2682 | -4/Factory | Build established: Mutant 2720 | -4/Factory | Discovered new exit (range 12) 2748 | -4/Factory | Entered Upper Caves 2791 | -4/Upper Caves | Core integrity fell below 50% 2797 | -4/Upper Caves | Lost 5 parts (1n2u2w) 2829 | -4/Upper Caves | A Derelict revealed a hidden shortcut to "reach the base" 2830 | -4/Upper Caves | Entered Warlord 3164 | -4/Warlord | Found Signal Generator 3176 | -4/Warlord | Found Prototype Device 3176 | -4/Warlord | Identified Wardrone Bay 3428 | -4/Warlord | Visited the Vortex Lab 3431 | -4/Warlord | Warlord's base attacked by MAIN.C 3482 | -4/Warlord | Build established: Gunner 3755 | -4/Warlord | Spotted Striker 3771 | -4/Warlord | Spotted Executioner 3781 | -4/Warlord | Warlord forces counterattacked 3849 | -4/Warlord | Spotted Executioner 3857 | -4/Warlord | Spotted B-90 Cyclops 3907 | -4/Warlord | Discovered new exit (range 14) 3921 | -4/Warlord | Entered Proximity Caves 3936 | -3/Proximity Caves | Core integrity fell below 20% 3945 | -3/Proximity Caves | P-80 Master assimilated allied 56-LFJ(S) 4016 | -3/Proximity Caves | Attracted the attention of an 0b10 base 4063 | -3/Proximity Caves | Destroyed by G-67 Veteran with Field Laser Last Messages --------------- 03969_ Imp. Antigrav System fries itself beyond repair. 03969_ Acquired 10 matter. 03971_ Gamma Rifle fries itself beyond repair. 03971_ Adv. Remote Datajack fries itself beyond repair. 03975_ Adv. Heat Sink fries itself beyond repair. 04015_ S-43 Plague springs to life. 04018_ Backup Power III destroyed. 04019_ Hvy. Beamcaster destroyed. 04021_ S-43 Plague suffers critical hit (Destroy). 04021_ Destroyed Hvy. Machine Gun. 04021_ Y-72 Warden suffers critical hit (Destroy). 04021_ Destroyed Railgun. 04048_ 5VT GRSRHL%OU5KSYI